Map: Port Aleksander LE

Players

LiquidTLO (TLO) - Winner!

  • Race: Zerg Zerg
  • League: Master
  • Spawn Location: 11:00

Silky

  • Race: Zerg Zerg
  • Spawn Location: 5:00

Event: 2019 WCS Winter Americas

VOD

Have the link to the VOD?

Description

Time

  • Played on: Feb. 9, 2019, 3:20 p.m.
  • Length: 12:45

All games in this series

Show
View Real Time Build Order
Export as new Build Order

LiquidTLO Zerg - Winner!

Build Orders: 3 Hatch before Pool, Lurkers 

Get SALT Encoding   

  12  0:00  Drone  
  13  0:12  Overlord  
  13  0:18  Drone  
  14  0:31  Drone  
  14  0:32  Drone  
  14  0:34  Drone  
  17  0:53  Hatchery  
  17  0:56  Drone  
  17  1:00  Drone  
  18  1:21  Hatchery  
  18  1:23  Drone  
  18  1:26  Drone  
  19  1:32  Extractor  
  18  1:40  Spawning Pool  
  18  1:43  Drone  
  18  1:47  Drone  
  18  1:50  Drone  
  20  2:03  Overlord  
  20  2:05  Drone  
  21  2:11  Drone  
  22  2:16  Drone  
  22  2:22  Drone  
  24  2:28  Queen  
  26  2:32  Metabolic Boost  
  26  2:35  Queen  
  28  2:38  Zergling x2  
  28  2:41  Drone  
  28  2:43  Drone  
  31  2:45  Zergling x2  
  31  2:48  Drone  
  31  2:51  Drone  
  34  2:53  Drone  
  35  2:58  Baneling Nest  
  35  3:00  Drone  
  35  3:03  Drone  
  36  3:06  Drone  
  37  3:14  Queen  
  37  3:15  Overlord  
  37  3:19  Zergling x2  
  40  3:20  Zergling x2  
  40  3:23  Zergling x2  
  40  3:27  Overlord  
  42  3:32  Overlord  
  42  3:34  Zergling x2  
  43  3:35  Zergling x2  
  43  3:36  Zergling x2  
  43  3:38  Zergling x2  
  43  3:40  Drone  
  47  3:45  Drone  
  47  3:46  Baneling x4  
  47  3:47  Zergling x2  
  49  3:49  Zergling x2  
  49  3:54  Evolution Chamber  
  49  3:59  Zergling x6  
  49  4:01  Drone  
  52  4:07  Overlord  
  52  4:08  Drone  
  53  4:11  Drone x2  
  56  4:17  Overlord, Drone  
  56  4:19  Drone  
  56  4:20  Drone  
  56  4:22  Drone  
  56  4:23  Drone  
  58  4:24  Drone  
  58  4:27  Drone  
  58  4:28  Drone  
  58  4:30  Drone  
  62  4:32  Drone  
  62  4:33  Drone  
  62  4:35  Drone  
  62  4:37  Baneling, Drone  
  66  4:39  Drone  
  66  4:41  Drone  
  66  4:44  Extractor  
  67  4:48  Lair  
  67  4:49  Drone x2  
  67  4:51  Drone  
  70  4:57  Roach Warren, Drone  
  70  4:58  Extractor  
  69  5:02  Zerg Melee Weapons Level 1  
  69  5:03  Drone  
  69  5:06  Drone  
  70  5:07  Drone  
  70  5:10  Baneling  
  71  5:16  Zergling x2  
  71  5:17  Drone  
  71  5:18  Evolution Chamber, Drone x2  
  71  5:19  Overlord  
  74  5:23  Drone  
  74  5:24  Overlord  
  74  5:25  Extractor  
  74  5:27  Zergling x2  
  74  5:28  Drone x2  
  74  5:30  Drone  
  74  5:31  Extractor  
  74  5:32  Extractor  
  74  5:33  Overlord  
  74  5:35  Overlord, Zergling x2  
  75  5:37  Drone x2  
  75  5:40  Baneling x3  
  78  5:49  Overlord  
  77  5:55  Zergling x4  
  77  5:56  Spire  
  77  5:57  Zergling x2  
  77  5:59  Zergling x2  
  77  6:02  Hatchery  
  77  6:03  Glial Reconstitution, Drone  
  78  6:04  Drone  
  78  6:08  Roach x2  
  84  6:11  Roach  
  84  6:13  Roach  
  84  6:14  Roach  
  84  6:17  Roach  
  87  6:19  Roach  
  87  6:21  Roach  
  87  6:24  Roach  
  87  6:25  Roach  
  94  6:28  Roach x2  
  94  6:30  Roach  
  94  6:32  Roach  
  102  6:35  Roach  
  102  6:36  Roach  
  102  6:38  Overlord  
  106  6:41  Overlord x2  
  106  6:43  Roach  
  106  6:44  Overlord  
  106  6:46  Roach  
  110  6:50  Zerg Missile Weapons Level 1  
  110  7:07  Overlord  
  110  7:09  Mutalisk x5  
  110  7:11  Roach  
  110  7:12  Ravager  
  110  7:13  Roach  
  110  7:15  Roach  
  126  7:16  Roach  
  126  7:18  Roach  
  126  7:21  Roach  
  133  7:22  Roach  
  133  7:25  Roach  
  133  7:28  Roach  
  132  7:32  Roach x2  
  132  7:34  Roach  
  118  7:37  Roach  
  118  7:40  Roach  
  118  7:42  Roach  
  103  7:44  Roach  
  103  7:48  Roach  
  103  7:50  Roach  
  95  7:52  Drone  
  95  7:55  Drone  
  89  7:59  Drone x4  
  89  8:02  Roach  
  89  8:04  Drone  
  96  8:06  Drone  
  96  8:08  Drone  
  96  8:10  Roach  
  100  8:13  Roach  
  100  8:17  Roach  
  100  8:19  Roach  
  106  8:21  Drone  
  106  8:23  Drone  
  106  8:25  Roach  
  110  8:29  Roach x2  
  110  8:32  Roach  
  116  8:35  Roach  
  116  8:38  Roach  
  120  8:44  Drone  
  120  8:45  Zerg Missile Weapons Level 2  
  120  8:47  Zerg Ground Armor Level 1  
  121  8:49  Roach  
  121  8:51  Drone  
  121  8:53  Drone  
  125  8:56  Roach  
  125  8:57  Roach  
  125  8:59  Roach  
  125  9:00  Drone  
  132  9:05  Roach  
  132  9:06  Hydralisk Den  
  132  9:07  Roach  
  136  9:10  Drone  
  136  9:19  Hatchery, Roach  
  136  9:22  Roach  
  136  9:24  Drone  
  140  9:26  Overlord  
  140  9:28  Roach  
  140  9:31  Overlord  
  142  9:35  Nydus Network  
  142  9:37  Roach  
  143  9:42  Roach  
  143  9:43  Lurker Den  
  143  9:44  Roach  
  146  9:47  Roach  
  146  9:48  Roach  
  146  9:50  Roach  
  146  9:52  Roach  
  154  9:57  Roach x2  
  158  10:05  Roach x2  
  160  10:07  Roach  
  160  10:09  Roach  
  160  10:12  Nydus Canal  
  160  10:13  Roach x2  
  168  10:15  Roach  
  168  10:18  Overlord x2  
  170  10:24  Overlord  
  170  10:26  Nydus Canal  
  170  10:32  Roach x2  
  170  10:33  Roach  
  170  10:35  Overlord  
  174  10:38  Roach x3, Zergling x2  
  169  10:43  Hydralisk x2  
  169  10:49  Hydralisk x2  
  173  10:51  Hydralisk  
  173  10:54  Hydralisk x2  
  171  10:57  Hydralisk  
  171  11:01  Hydralisk  
  171  11:03  Hydralisk  
  175  11:07  Drone x2  
  175  11:11  Lurker  
  180  11:14  Lurker x2  
  180  11:15  Pneumatized Carapace  
  180  11:17  Lurker  
  184  11:18  Lurker  
  184  11:24  Lurker x2  
  186  11:26  Lurker  
  186  11:28  Roach  
  186  11:29  Roach  
  186  11:30  Nydus Canal  
  191  11:33  Roach  
  191  11:34  Roach x2  
  191  11:36  Roach  
  191  11:38  Lurker  
  194  11:54  Roach x2  
  194  11:56  Roach  
  200  12:08  Overseer  
  200  12:09  Overlord  
  200  12:13  Roach  
  200  12:19  Hydralisk  
Show
View Real Time Build Order
Export as new Build Order

Silky Zerg 

Build Orders: Hatch First, Zergling Baneling 

Get SALT Encoding   

  12  0:00  Drone  
  13  0:12  Overlord  
  13  0:18  Drone  
  14  0:30  Drone  
  14  0:31  Drone  
  16  0:48  Hatchery  
  15  0:52  Drone  
  15  0:55  Drone  
  17  0:59  Drone  
  18  1:09  Extractor  
  17  1:14  Spawning Pool  
  17  1:17  Drone  
  17  1:20  Drone  
  18  1:28  Drone  
  19  1:38  Drone  
  20  1:49  Overlord  
  20  2:00  Drone x2  
  20  2:01  Queen x2  
  26  2:09  Metabolic Boost  
  26  2:11  Drone  
  26  2:13  Drone  
  28  2:22  Zergling x4  
  30  2:35  Hatchery  
  30  2:37  Drone  
  30  2:39  Drone  
  31  2:47  Drone  
  31  2:49  Baneling Nest  
  31  2:50  Drone  
  32  2:57  Overlord  
  32  2:59  Drone  
  32  3:04  Drone  
  35  3:05  Drone  
  35  3:15  Queen, Zergling x2  
  35  3:16  Drone  
  35  3:17  Drone  
  35  3:18  Drone  
  41  3:22  Drone x2  
  41  3:24  Zergling x2  
  44  3:33  Baneling x2  
  44  3:44  Baneling  
  44  3:46  Overlord  
  44  3:47  Evolution Chamber  
  42  3:48  Zergling x2  
  42  3:49  Zergling x12  
  49  3:57  Baneling  
  48  4:03  Zergling x2  
  48  4:07  Overlord  
  49  4:11  Baneling x2  
  49  4:27  Drone x3  
  49  4:28  Drone x8  
  49  4:29  Drone x3  
  63  4:31  Zerg Missile Weapons Level 1  
  62  4:39  Zergling x4  
  62  4:40  Extractor x2, Roach Warren  
  62  4:45  Baneling x2  
  61  4:46  Zergling x6  
  61  4:50  Drone x2  
  64  4:56  Drone  
  63  5:04  Drone x3  
  63  5:06  Overlord x2  
  65  5:15  Lair, Overlord  
  65  5:24  Queen x2  
  65  5:26  Roach x3  
  65  5:27  Drone x2  
  65  5:28  Drone x5  
  79  5:53  Roach x5  
  79  5:54  Overlord x3  
  89  5:57  Overlord  
  89  6:11  Queen x2  
  89  6:18  Nydus Network, Roach x6  
  101  6:22  Extractor  
  101  6:23  Extractor  
  103  6:27  Roach x3  
  103  6:31  Overlord  
  108  6:33  Overlord  
  106  6:48  Roach x6  
  120  6:55  Nydus Canal  
  118  7:03  Roach x4  
  118  7:04  Overlord x3  
  126  7:15  Roach x4  
  134  7:19  Overlord  
  131  7:30  Roach  
  131  7:31  Roach  
  131  7:34  Roach  
  122  7:39  Roach  
  122  7:40  Roach  
  122  7:41  Roach  
  109  7:48  Roach x2  
  109  7:49  Queen x3  
  108  7:53  Roach  
  108  7:55  Glial Reconstitution  
  108  7:58  Drone x2  
  102  8:01  Nydus Canal  
  102  8:04  Drone  
  103  8:06  Extractor  
  103  8:07  Extractor  
  103  8:11  Drone x2  
  103  8:15  Drone, Nydus Canal  
  103  8:18  Hatchery  
  101  8:21  Roach, Drone  
  101  8:23  Drone  
  105  8:32  Drone x2  
  105  8:34  Queen x3  
  105  8:36  Roach  
  105  8:40  Overlord  
  113  8:46  Roach x2  
  113  8:47  Ravager, Spine Crawler  
  113  8:48  Spine Crawler x3  
  114  8:52  Roach x2  
  114  8:53  Overseer  
  118  8:56  Roach  
  118  8:58  Roach  
  118  9:01  Roach x4  
  118  9:02  Roach  
  132  9:03  Overlord, Zerg Missile Weapons Level 2  
  132  9:08  Roach x2  
  136  9:10  Roach  
  136  9:15  Roach x2  
  142  9:19  Roach  
  142  9:22  Ravager, Overlord  
  145  9:24  Roach  
  148  9:31  Roach  
  148  9:32  Roach x3  
  148  9:36  Overlord  
  156  9:43  Drone x2  
  156  9:44  Hatchery, Drone x3  
  156  9:45  Roach  
  161  9:49  Roach x2  
  166  9:52  Ravager  
  166  9:54  Ravager x2  
  166  9:56  Roach x2  
  174  10:00  Roach x2  
  176  10:08  Roach x3  
  176  10:09  Roach  
  184  10:14  Drone x3  
  184  10:15  Drone  
  188  10:31  Roach x2  
  186  10:38  Overlord  
  186  10:41  Drone x2  
  186  10:42  Hydralisk Den, Drone x2  
  185  10:43  Roach  
  185  10:44  Roach x3  
  185  10:49  Roach x2  
  193  10:55  Roach x2  
  193  10:56  Roach x3  
  193  11:03  Roach x2  
  191  11:09  Spore Crawler  
  191  11:11  Roach x4  
  198  11:18  Overlord  
  198  11:24  Extractor  
  198  11:25  Grooved Spines, Extractor  
  196  11:26  Lurker Den  
  196  11:28  Roach  
  196  11:29  Roach  
  196  11:30  Nydus Canal  
  177  11:58  Hydralisk x3  
  177  11:59  Hydralisk x4  
  183  12:02  Drone x3  
  183  12:03  Drone x3  
  183  12:06  Overseer  
  189  12:13  Spine Crawler  
  189  12:14  Roach  
  189  12:15  Roach x8, Spine Crawler  
  197  12:20  Roach x2  
  197  12:21  Roach  
Tags
 
Add a new tag
Caveats
  • Supply blocks, unpowered buildings, or Contaminate may cause inaccurate times.
  • Supply counts are checked every 10 seconds.